 Dungeon Crawl Stone Soup version 0.28.0-43-g3370ac3207 (webtiles) character file.

Game seed: 14486938465826003303

211 fknight the Chopper (level 5, -4/47 HPs)
             Began as a Hill Orc Monk on Feb 28, 2022.
             Was a Follower of Beogh.
             Slain by a water moccasin (5 damage)
             ... on level 5 of the Dungeon.
             The game lasted 00:14:17 (4211 turns).

fknight the Chopper (Hill Orc Monk)                 Turns: 4211, Time: 00:14:17

Health: -4/47      AC:  8    Str: 16    XL:     5   Next: 88%
Magic:  5/5        EV: 11    Int: 10    God:    Beogh [*.....]
Gold:   239        SH:  0    Dex: 13    Spells: 4/4 levels left

rFire   + . .      SeeInvis .   q - +1 spear (vamp)
rCold   . . .      Faith    .   (no shield)
rNeg    . . .      Spirit   .   d - +2 ring mail {rF+}
rPois   .          Reflect  .   n - +0 helmet
rElec   .          Harm     .   (no cloak)
rCorr   .          Rampage  .   (no gloves)
Will    .....                   (no boots)
Stlth   ++........              (no amulet)
HPRegen 0.15/turn               (no ring)
MPRegen 0.09/turn               (no ring)

@: lethally poisoned (-4 -> -36)
A: no striking features
a: Renounce Religion


You were on level 5 of the Dungeon.
You worshipped Beogh.
Beogh was aware of your devotion.
You visited 1 branch of the dungeon, and saw 7 of its levels.

You collected 239 gold pieces.

Inventory:

Hand Weapons
 a - a +0 hand axe
 q - a +1 vampiric spear (weapon)
 r - a +0 hunting sling
Missiles
 h - 60 stones (quivered)
 i - 7 javelins
 m - 21 bolts
 o - 16 arrows
 t - 3 boomerangs
Armour
 d - a +2 ring mail of fire resistance (worn)
 n - a +0 helmet (worn)
 s - an orb of guile
Wands
 j - a wand of acid (6)
Scrolls
 c - 3 scrolls of identify
 f - 2 scrolls of immolation
Potions
 b - 4 potions of curing
 e - 2 potions of attraction
 g - a potion of brilliance {unknown}
 l - a potion of magic {unknown}


   Skills:
 + Level 4.8 Fighting
 + Level 5.4 Axes
 + Level 3.2 Dodging
 + Level 2.9 Stealth
 + Level 1.1 Invocations


You had 4 spell levels left.
You didn't know any spells.
Your spell library contained the following spells:

 Spells                   Type           Power      Damage    Failure   Level
 Animate Skeleton         Necr           0%         N/A       58%         1
 Apportation              Tloc           0%         N/A       58%         1
 Summon Small Mammal      Summ           0%         N/A       58%         1
 Passage of Golubria      Tloc           0%         N/A       100%        4
 Silence                  Hex/Air        0%         N/A       100%        5
 Lehudib's Crystal Spear  Conj/Erth      0%         10d2      100%        8


Dungeon Overview and Level Annotations

Branches:
Dungeon (7/15)
 Temple: D:4-7

Altars:

Shops:
D:2 [

Portals:
Bailey: D:7


Message History

The water moccasin is moderately wounded.
You feel sick. The water moccasin bites you.
You hit the water moccasin.
The water moccasin is heavily wounded.
You feel sick.
The water moccasin is no longer covered in acid.
The water moccasin closely misses you. x2
You closely miss the water moccasin.
The water moccasin is heavily wounded.
You feel sick. The water moccasin bites you.
You are more poisoned.
The water moccasin poisons you!
You hit the water moccasin.
You feel better.
The water moccasin is severely wounded.
You feel very sick.
The water moccasin bites you but does no damage.
You hit the water moccasin but do no damage.
The water moccasin is severely wounded.
* * * LOW HITPOINT WARNING * * *
You feel very sick.
The water moccasin bites you but does no damage.
The water moccasin closely misses you.
You miss the water moccasin.
The water moccasin is severely wounded.
You feel sick. The water moccasin closely misses you.
You barely miss the water moccasin.
The water moccasin is severely wounded.
You feel sick. The water moccasin bites you.
* * * LOW HITPOINT WARNING * * *
You are lethally poisoned!
The water moccasin poisons you!
You hit the water moccasin.
You feel better.
The water moccasin is severely wounded.
* * * LOW HITPOINT WARNING * * *
You feel very sick. The water moccasin bites you.
* * * LOW HITPOINT WARNING * * *
You are more poisoned.
The water moccasin poisons you! The water moccasin bites you.
You die...

.. #. #.
#. #.##
..# #S#
#@#
#........
........!
..##......
..# ##....
##. ###.
.# #.


You could see a water moccasin.

Vanquished Creatures
  A bullfrog (D:7)
  Jessica (D:2)
  Robin (D:2)
  An adder (D:2)
  A worm (D:2)
  2 dart slugs
  8 orcs
  8 endoplasms
  A giant cockroach (D:3)
  13 goblins
  11 hobgoblins
  A quokka (D:1)
  9 ball pythons
  7 bats
  3 frilled lizards
  8 kobolds
  6 rats
  A butterfly (D:4)
83 creatures vanquished.

Notes
Turn   | Place    | Note
-------+----------+-------------------------------------------
     0 | D:1      | fknight the Hill Orc Monk began the quest for the Orb.
     0 | D:1      | Reached XP level 1. HP: 19/19 MP: 1/1
   227 | D:1      | Reached XP level 2. HP: 15/27 MP: 2/2
   906 | D:1      | Reached XP level 3. HP: 33/33 MP: 3/3
  1733 | D:2      | Noticed Robin
  1737 | D:2      | Noticed Jessica
  1743 | D:2      | Killed Robin
  1760 | D:2      | Reached XP level 4. HP: 26/40 MP: 4/4
  1765 | D:2      | Killed Jessica
  2120 | D:2      | Found Saqirinu's Armour Shop.
  2145 | D:2      | Reached skill level 5 in Axes
  2685 | D:3      | Reached XP level 5. HP: 46/47 MP: 5/5
  2977 | D:3      | Found a faded altar of an unknown god.
  3078 | D:3      | Became a worshipper of Beogh the Brigand
  3078 | D:3      | Reached * piety under Beogh
  3078 | D:3      | Reached ** piety under Beogh
  3867 | D:4      | You fall into a shaft and drop 3 floors!
  3904 | D:7      | Found a flagged portal.
  3934 | D:7      | Reached skill level 1 in Invocations
  4187 | D:6      | Noticed a water moccasin
  4188 | D:6      | Noticed an ice beast
  4198 | D:5      | Entered Level 5 of the Dungeon
  4211 | D:5      | HP: 1/47 [water moccasin (6)]
  4211 | D:5      | Slain by a water moccasin

Illustrated notes

Levels and vault maps discovered:
D:1:      dpeg_arrival_erosion, layout_loops_corners, hangedman_decor_growths,
          corexii_hall_statues_x
D:2:      layout_loops_ring, serial_shops, shop_statue, uniq_robin, uniq_jessica
D:3:      layout_loops_cross, hellmonk_ecumenical_altar_blasted,
          nicolae_underground_beach
D:4:      kennysheep_kobold_camp, layout_loops_ring,
          minmay_temple_entry_butterflies, corexii_hall_statues_x,
          grunt_decor_one_mirror, uniq_duvessa, uniq_ijyb
D:5:      minmay_goblin_kobold_castle, layout_layer_cave
D:6:      layout_rooms
D:7:      layout_rooms, enter_bailey_5

Skill      XL: |  1  2  3  4  5 |
---------------+----------------+-----
Stealth        | 2 |  2.9
Fighting       | 4 |  4.8
Dodging        | 3 |  3.2
Axes           | 5 |  5.4
Invocations    | 1 |  1.1

Action                   |  1- 3 |  4- 6 || total
-------------------------+-------+-------++-------
Melee: Hand axe          |    93 |   123 ||   216
       Punch             |     1 |     2 ||     3
       Spear             |       |    62 ||    62
 Fire: Hunting sling     |       |    19 ||    19
Throw: Stone             |    29 |    11 ||    40
Invok: Convert to Beogh  |       |     1 ||     1
Evoke: Wand              |       |     1 ||     1
  Use: Scroll            |       |     7 ||     7
       Potion            |       |     1 ||     1
Armor: Scale mail        |    33 |    57 ||    90
       Ring mail         |       |    32 ||    32
Dodge: Dodged            |    60 |   125 ||   185
